 Dungeon Crawl Stone Soup version 0.30.1-11-g7821555f0a (webtiles) character file.

Game seed: 3459019969920786621

90 lonewolfV2 the Covered (level 4, -2/39 HPs)
             Began as a Minotaur Fighter on Nov 1, 2023.
             Was a Follower of Elyvilon.
             Slain by a gnoll
             ... wielding a +0 halberd
              (7 damage)
             ... on level 3 of the Dungeon.
             The game lasted 00:03:34 (1903 turns).

lonewolfV2 the Covered (Minotaur Fighter)           Turns: 1903, Time: 00:03:35

Health: -2/39      AC:  7    Str: 22    XL:     4   Next: 32%
Magic:  3/3        EV: 10    Int:  5    God:    Elyvilon [*.....]
Gold:   102        SH:  4    Dex: 10    Spells: 3/3 levels left

rFire   . . .        a - +0 war axe
rCold   . . .        c - +0 buckler
rNeg    . . .        b - +0 scale mail
rPois   .            (helmet restricted)
rElec   .            (no cloak)
rCorr   .            (no gloves)
SInv    .            (no boots)
Will    .....        (no amulet) Stlth
                     (no ring)
HPRegen 0.26/turn    (no ring)
MPRegen 0.08/turn

%: no passive effects
@: no status effects
A: horns 2, retaliatory headbutt
a: Renounce Religion, Purification


You were on level 3 of the Dungeon.
You worshipped Elyvilon.
Elyvilon was aware of your devotion.
You visited 1 branch of the dungeon, and saw 3 of its levels.

You collected 102 gold pieces.

Inventory:

Hand Weapons
 a - a +0 war axe (weapon)
Armour
 b - a +0 scale mail (worn)
 c - a +0 buckler (worn)
Scrolls
 f - a scroll of vulnerability
 l - 3 scrolls of teleportation
Potions
 d - 2 potions of might
 g - a potion of cancellation {unknown}
 h - 2 potions of brilliance {unknown}
 i - a potion of heal wounds {unknown}
 k - 2 potions of magic
 m - a potion of mutation {unknown}
 n - a potion of curing {unknown}
 o - 2 potions of haste {unknown}
 p - a potion of lignification {unknown}


   Skills:
 - Level 3.6 Fighting
 - Level 2.4 Axes
 + Level 4.4 Armour
 * Level 3.0 Dodging
 + Level 4.4 Shields


You had 3 spell levels left.
You didn't know any spells.
Your spell library contained the following spells:

 Spells                   Type           Power      Damage    Failure   Level
 Summon Small Mammal      Summ           0%         N/A       86%         1
 Static Discharge         Conj/Air       0%         2-2/arc   94%         2
 Call Canine Familiar     Summ           0%         N/A       99%         3
 Summon Guardian Golem    Hex/Summ       0%         N/A       99%         3
 Volatile Blastmotes      Fire/Tloc      0%         2d10      99%         3
 Airstrike                Air            0%         2d(0-16)  100%        4
 Freezing Cloud           Conj/Ice/Air   0%         6-21      100%        5


Dungeon Overview and Level Annotations

Branches:
Dungeon (3/15)

Altars:
Elyvilon


Innate Abilities, Weirdness & Mutations

You have a pair of horns on your head.
You reflexively headbutt those who attack you in melee.


Message History

The gnoll closely misses you.
You hit the gnoll.
The gnoll is moderately wounded.
The gnoll hits you but does no damage. The gnoll closely misses you.
You furiously retaliate!
You headbutt the gnoll!
You kill the gnoll!
The gnoll hits you with a +0 halberd.
You closely miss the gnoll. You headbutt the gnoll!
The gnoll is almost dead.
The gnoll hits you with a +0 halberd.
You barely miss the gnoll. You headbutt the gnoll.
The gnoll is lightly wounded.
The gnoll misses you. The gnoll barely misses you.
You completely miss the gnoll.
The gnoll is lightly wounded.
You hit the gnoll.
The gnoll hits you from afar with a +0 halberd.
The gnoll hits you with a +0 flail. The gnoll closely misses you.
You barely miss the gnoll. Your headbutt misses the gnoll.
The gnoll is lightly wounded.
You closely miss the gnoll. The gnoll barely misses you.
The gnoll hits you with a +0 flail. The gnoll hits you but does no damage.
The gnoll hits you with a +0 flail! The gnoll misses you.
The gnoll hits you with a +0 club.
* * * LOW HITPOINT WARNING * * *
You hit the gnoll.
The gnoll is heavily wounded.
You hit the gnoll.
The gnoll hits you from afar with a +0 halberd.
* * * LOW HITPOINT WARNING * * *
The gnoll closely misses you. The gnoll hits you with a +0 club.
* * * LOW HITPOINT WARNING * * *
You slash the gnoll!
You kill the gnoll!
You hit the gnoll but do no damage. The gnoll barely misses you.
You block the gnoll's attack. The gnoll barely misses you.
The gnoll hits you but does no damage.
Your Dodging skill increases to level 3!
The gnoll hits you with a +0 halberd!
You die...

###.#######
#.....g@g.#
#.#....##.#
....... ..+
#.#....##.#
# #...# #.#
###. #.# #.
#.# #. #.#


You could see 2 gnolls.

Vanquished Creatures
  3 gnolls
  2 adders (D:2)
  A dart slug (D:2)
  4 ball pythons (D:1)
  5 endoplasms
  2 giant cockroaches (D:1)
  3 goblins
  3 hobgoblins (D:1)
  2 jackals (D:1)
  4 quokkas
  2 bats
  A frilled lizard (D:2)
  3 kobolds (D:1)
  2 rats (D:1)
37 creatures vanquished.

Notes
Turn   | Place    | Note
-------+----------+-------------------------------------------
     0 | D:1      | lonewolfV2 the Minotaur Fighter began the quest for the
                  | Orb.
     0 | D:1      | Reached XP level 1. HP: 19/19 MP: 0/0
    74 | D:1      | Reached skill level 1 in Dodging
   100 | D:1      | Reached XP level 2. HP: 26/26 MP: 1/1
   556 | D:1      | Reached XP level 3. HP: 8/31 MP: 2/2
   958 | D:2      | Identified the +5 mace "Vedienk" {antimagic, Str+7}
  1116 | D:2      | Found a faded altar of an unknown god.
  1170 | D:2      | Prayed at the altar of an unknown god.
  1170 | D:2      | Became a worshipper of Elyvilon the Healer
  1170 | D:2      | Reached * piety under Elyvilon
  1494 | D:2      | Got the Monograph on the Pneumatic Compass
  1664 | D:2      | Reached XP level 4. HP: 39/39 MP: 3/3
  1903 | D:3      | Slain by a gnoll

Illustrated notes

Levels and vault maps discovered:
D:1:      erik_arrival_cave_to_civilisation [erik_arrival_cave_to_hall],
          layout_basic
D:2:      layout_loops_corners, ebering_ecumenical_altar_sacrificial
D:3:      layout_loops_corners, marbit_many_paths,
          nicolae_kikubaaqudgha_miasma_corner, minmay_circle_x

Skill      XL: |  1  2  3  4 |
---------------+-------------+-----
Dodging        | 1 2 3 |  3.0
Shields        | 4 |  4.4
Armour         | 4 |  4.4
Fighting       | |  3.6
Axes           | |  2.4

Action                     |  1- 3 |  4- 6 || total
---------------------------+-------+-------++-------
  Melee: War axe           |    86 |     8 ||    94
         Headbutt          |    10 |     2 ||    12
    Use: Scroll            |     4 |     1 ||     5
 Armour: Scale mail        |    37 |     3 ||    40
  Dodge: Dodged            |    43 |    11 ||    54
  Block: Buckler           |    20 |     1 ||    21
